 Dungeon Crawl Stone Soup version 0.30.0-20-g3b4254fcbd (webtiles) character file.

Game seed: 2418278737326869786

28 Graphine the Vexing (level 2, 0/12 HPs)
             Began as a Felid Enchanter on June 2, 2023.
             Slain by a kobold
             ... wielding a +0 whip
              (5 damage)
             ... on level 1 of the Dungeon.
             The game lasted 00:02:36 (373 turns).

Graphine the Vexing (Felid Enchanter)                Turns: 373, Time: 00:02:36

Health: 0/12       AC:  1    Str:  4    XL:     2   Next: 96%
Magic:  4/6        EV: 17    Int: 16    God:
Gold:   47         SH:  0    Dex: 16    Spells: 3/5 levels left
                                        Lives:  0   Deaths: 0

rFire   . .          .
                       - Unarmed
rCold   . . .        (shield unavailable)
rNeg    . . .        (body armour unavailable)
rPois   .            (helmet unavailable)
rElec   .            (cloak unavailable)
rCorr   .            (gloves unavailable)
SInv    +            (boots unavailable)
Will    .....        (no amulet)
Stlth   +++          (no ring)
HPRegen 0.22/turn    (no ring)
MPRegen 0.10/turn

%: no passive effects
@: about to teleport, very slightly contaminated, quick
A: very small, claws 1, fangs 3, see invisible, speed 1, shaggy fur 1, stealthy
paws, no weapons or thrown items, no armour, multi-lived
a: no special abilities


You were on level 1 of the Dungeon.
You visited 1 branch of the dungeon, and saw 1 of its levels.

You collected 47 gold pieces.

Inventory:

Scrolls
 e - a scroll of poison {unknown}
 f - a scroll of amnesia {unknown}
 g - a scroll of identify
Potions
 a - a potion of heal wounds {unknown}
 c - a potion of curing {unknown}
 d - a potion of lignification {unknown}


   Skills:
 + Level 0.4 Fighting
 + Level 3.0 Dodging
 * Level 4.5 Stealth
 + Level 1.2 Unarmed Combat
 + Level 2.1 Spellcasting
 * Level 4.9 Hexes


You had 3 spell levels left.
You knew the following spells:

 Your Spells              Type           Power      Damage    Failure   Level
a - Ensorcelled Hibernat  Hex/Ice        18%        N/A       11%         2

Your spell library contained the following spells:

 Spells                   Type           Power      Damage    Failure   Level
 Confusing Touch          Hex            17%        N/A       8%          3
 Tukima's Dance           Hex            17%        N/A       8%          3
 Necrotise                Necr           4%         1d4       21%         1
 Dazzling Flash           Conj/Hex       18%        N/A       22%         3
 Vampiric Draining        Necr           1%         2d6       52%         3
 Passage of Golubria      Tloc           1%         N/A       90%         4
 Yara's Violent Unravell  Hex/Tmut       4%         3d4       90%         5
 Agony                    Necr           1%         N/A       99%         5


Dungeon Overview and Level Annotations

Branches:
Dungeon (1/15)

Altars:


Innate Abilities, Weirdness & Mutations

You have sharp claws.
You have razor-sharp teeth.
You have supernaturally acute eyesight. (SInv)
You cover ground quickly. (Speed+)
You are covered in fur. (AC +1)
Your paws help you pounce on unaware monsters.
You are incapable of wielding weapons or throwing items.
You cannot wear armour.
You gain extra lives every three experience levels.


Message History

You see here a scroll labelled HEUTZU MUACISK.
The kobold completely misses you.
You scratch the kobold.
The kobold is severely wounded.
The kobold hits you but does no damage.
You scratch the kobold.
You kill the kobold!
Your magical contamination has completely faded away.
g - 2 scrolls labelled HEUTZU MUACISK (gained 1)
Things that are here:
a +0 dagger; 4 stones; a kobold corpse You now have 47 gold pieces (gained 14).
A goblin is nearby!
You scratch the goblin.
You kill the goblin!
Things that are here:
a +0 dagger; 4 stones; a kobold corpse A quokka comes into view.
The kobold shouts!
The kobold hits you with a +0 whip.
You closely miss the kobold. The kobold hits you with a +0 whip.
Casting: Ensorcelled Hibernation (safe; 11% risk of failure)
Confirm with . or Enter, or press ? or * to list all spells.
Aiming: Ensorcelled Hibernation (safe; 11% risk of failure)
Press: ? - help, Shift-Dir - straight line, f - kobold
Aim: a kobold, wielding a +0 whip (chance to affect: 61%)
You miscast Ensorcelled Hibernation.
You are very lightly contaminated with residual magic.
Nothing appears to happen.
The kobold barely misses you.
Unknown command.
Okay, then.
As you read the scroll labelled HEUTZU MUACISK, it crumbles to dust.
It is a scroll of identify.
b - a scroll of teleportation The hobgoblin hits you but does no damage.
The kobold misses you.
As you read the scroll of teleportation, it crumbles to dust.
You feel strangely unstable. The hobgoblin closely misses you.
The kobold hits you with a +0 whip.
You die...

#.......# ###
#.......# ....
#...?...# ....
#.......# ###
.### #.......###
...
#.........###.#
#.....g....#..##
#....K@.r......#
#########..###..
#..# ##..###
#.....##########
#.###.......##..
#.# #######.#...
#)# #.....
#.#########.....


You could see a quokka, a hobgoblin and a kobold.

Vanquished Creatures
  A bat (D:1)
  An endoplasm (D:1)
  2 giant cockroaches (D:1)
  4 goblins (D:1)
  A hobgoblin (D:1)
  6 jackals (D:1)
  A kobold (D:1)
  A quokka (D:1)
  A frilled lizard (D:1)
  5 rats (D:1)
23 creatures vanquished.

Notes
Turn   | Place    | Note
-------+----------+-------------------------------------------
     0 | D:1      | Graphine the Felid Enchanter began the quest for the Orb.
     0 | D:1      | Reached XP level 1. HP: 7/7 MP: 4/4
    87 | D:1      | Reached XP level 2. HP: 11/11 MP: 6/6
   182 | D:1      | Learned a level 2 spell: Ensorcelled Hibernation
   373 | D:1      | Slain by a kobold

Illustrated notes

Levels and vault maps discovered:
D:1:      scummos_arrival_star, layout_rooms

Skill      XL: |  1  2 |
---------------+-------+-----
Dodging        | 3 |  3.0
Fighting       | |  0.4
Stealth        | |  4.5
Unarmed Combat | |  1.2
Spellcasting   | |  2.1
Hexes          | |  4.9

Action                     || total
---------------------------++-------
  Melee: Unarmed           ||    49
         Bite              ||     2
         Punch             ||     1
   Cast: Ensorcelled Hiber ||     3
    Use: Scroll            ||     2
         Potion            ||     2
   Stab: Sleeping          ||    10
         Invisible         ||     3
 Armour: Skin              ||     4
  Dodge: Dodged            ||    33
